 Dungeon Crawl Stone Soup version 0.29.0-4-gdea44cf6ec (webtiles) character file.

Game seed: 14185118148711005513

228 qw the Chopper (level 6, -2/35 HPs)
             Began as a Tengu Warper on Aug 28, 2022.
             Slain by Sigmund
             ... wielding a +0 scythe
              (9 damage)
             ... on level 4 of the Dungeon.
             The game lasted 00:00:19 (4581 turns).

qw the Chopper (Tengu Warper)                       Turns: 4581, Time: 00:00:20

Health: -2/35      AC:  6    Str: 13    XL:     6   Next: 2%
Magic:  10/10      EV: 11    Int: 14    God:
Gold:   213        SH:  0    Dex: 13    Spells: 9/9 levels left

rFire   . . .      SeeInvis .   Y - +0 hand axe
rCold   . . .      Faith    .   (no shield)
rNeg    . . .      Spirit   .   e - +0 scale mail
rPois   .          Reflect  .   (helmet restricted)
rElec   .          Harm     .   (no cloak)
rCorr   .          Rampage  .   (no gloves)
Will    .....                   (boots unavailable)
Stlth   ..........              g - amulet of the acrobat
HPRegen 0.11/turn               (no ring)
MPRegen 0.12/turn               (no ring)

@: flying quickly and evasively, quick
A: beak, talons 3, nimble flight
a: no special abilities


You were on level 4 of the Dungeon.
You visited 1 branch of the dungeon, and saw 4 of its levels.

You collected 213 gold pieces.


Innate Abilities, Weirdness & Mutations

You have a beak for a mouth.
You have claws for feet.
Your magical nature lets you fly swiftly and evasively.


   Skills:
 - Level 2.0 Fighting
 + Level 6.7 Axes
 - Level 1.0 Throwing
 - Level 1.1 Armour
 - Level 2.1 Dodging
 - Level 2.0 Spellcasting
 - Level 2.4 Translocations


You had 9 spell levels left.
You didn't know any spells.
Your spell library contained the following spells:

 Spells                   Type           Power      Damage    Failure   Level
 Blink                    Tloc           16%        N/A       54%         2
 Gell's Gravitas          Tloc           8%         N/A       78%         3
 Lesser Beckoning         Tloc           8%         N/A       78%         3
 Teleport Other           Tloc           8%         N/A       78%         3
 Manifold Assault         Tloc           8%         N/A       100%        5

Inventory:

Hand Weapons
 d - a +0 club
 Y - a +0 hand axe (weapon)
Armour
 e - a +0 scale mail (worn)
Jewellery
 g - an amulet of the acrobat (around neck)
 h - an amulet of regeneration
Scrolls
 a - 2 scrolls of identify
Potions
 c - a potion of resistance
 f - a potion of might
 j - a potion of cancellation
 l - a potion of curing

Dungeon Overview and Level Annotations

Branches:
Dungeon (4/15)
 Temple: D:4-7

Altars:
Kikubaaqudgha
Nemelex Xobeh
Okawaru
Trog
Xom

Annotations:
D:4 Sigmund


Message History

You hit the adder. You claw the adder.
You kill the adder!
A magic dart appears from out of thin air!
The magic dart hits you.
You have reached level 6!
You swing at nothing.
Something hits you.
You swing at nothing.
You swing at nothing.
Something hits you but does no damage.
You swing at nothing.
Something hits you!
You swing at nothing.
You swing at nothing.
Something hits you but does no damage.
You swing at nothing.
Something hits you.
You swing at nothing.
You swing at nothing.
Something hits you.
You swing at nothing.
You swing at nothing.
You hear some strange, mumbled words.
Something tries to affect you, but you resist.
You swing at nothing.
You hear some strange, mumbled words.
Something tries to affect you, but you resist.
You swing at nothing.
Something hits you.
You swing at nothing.
Something hits you.
You swing at nothing.
You swing at nothing.
Something hits you.
You swing at nothing.
Something hits you.
You swing at nothing.
You swing at nothing.
Something hits you!
You die...

.........
#........
##^$......
......... #....#
#<...## #.....#
#+#######.....#
#.....%@.{....#
+......##.....#
#...... #.....#
#...... ....###
#...... ......
#...... ....._.
#......#.......#
#..##.. ..#####


There were no monsters in sight!

Vanquished Creatures
  An ogre (D:3)
  Terence (D:3)
  5 adders
  A worm (D:3)
  2 dart slugs
  7 ball pythons
  3 bats
  6 endoplasms
  3 giant cockroaches
  7 goblins
  6 hobgoblins
  A jackal (D:3)
  4 kobolds (D:1)
  5 quokkas
  3 frilled lizards
  15 rats
70 creatures vanquished.

Notes
Turn   | Place    | Note
-------+----------+-------------------------------------------
     0 | D:1      | qw the Tengu Warper began the quest for the Orb.
     0 | D:1      | Reached XP level 1. HP: 12/12 MP: 4/4
     0 | D:1      | 0 ||| qw: Version: 0.1-a-89-g26bdef1
     0 | D:1      | 0 ||| qw: Game counter: 753
     0 | D:1      | 0 ||| qw: Always use a shield: true
     0 | D:1      | 0 ||| qw: God list: Okawaru
     0 | D:1      | 0 ||| qw: Allow faded altars: false
     0 | D:1      | 0 ||| qw: Do Orc after D:15 true
     0 | D:1      | 0 ||| qw: Do second Lair branch before Depths: true
     0 | D:1      | 0 ||| qw: Lair rune preference: random
     0 | D:1      | 0 ||| qw: Plans: Normal
     0 | D:1      | 0 ||| PLANNING D:1-11
    63 | D:1      | Reached XP level 2. HP: 17/17 MP: 6/6
    71 | D:1      | Reached skill level 3 in Axes
   253 | D:1      | 253 ||| Stepping ~*~*~tactically~*~*~ (stealth).
   254 | D:1      | Found a faded altar of an unknown god.
   375 | D:1      | 375 ||| Stepping ~*~*~tactically~*~*~ (stealth).
   377 | D:1      | 377 ||| Stepping ~*~*~tactically~*~*~ (stealth).
   379 | D:1      | 379 ||| Stepping ~*~*~tactically~*~*~ (stealth).
   417 | D:1      | 417 ||| Stepping ~*~*~tactically~*~*~ (stealth).
   530 | D:1      | 530 ||| Stepping ~*~*~tactically~*~*~ (stealth).
   592 | D:1      | Reached XP level 3. HP: 17/21 MP: 7/7
   967 | D:1      | 967 ||| UPGRADING to amulet of the acrobat.
   972 | D:1      | 972 ||| DROPPING amulet of faith.
   973 | D:1      | 973 ||| READING 2 scrolls labelled SAPNOU CILI.
   974 | D:1      | 974 ||| DRINKING 2 golden potions.
   975 | D:1      | 975 ||| DRINKING 2 emerald potions.
   976 | D:1      | 976 ||| DROPPING scroll of blinking.
   977 | D:1      | 977 ||| DROPPING potion of attraction.
  1038 | D:2      | 1038 ||| Stepping ~*~*~tactically~*~*~ (hiding).
  1155 | D:2      | Reached skill level 4 in Axes
  1369 | D:2      | 1369 ||| Stepping ~*~*~tactically~*~*~ (stealth).
  1372 | D:2      | 1372 ||| Stepping ~*~*~tactically~*~*~ (stealth).
  2070 | D:2      | 2070 ||| READING scroll labelled VITHREPHAOF.
  2171 | D:2      | 2171 ||| READING scroll labelled GOM EDIWOTASE.
  2297 | D:2      | 2297 ||| READING 2 scrolls labelled LIAL XOYV FAWK.
  2301 | D:2      | 2301 ||| READING 2 scrolls labelled GIMOXATINI.
  2302 | D:2      | 2302 ||| DRINKING 2 coppery potions.
  2303 | D:2      | 2303 ||| READING 3 scrolls of identify.
  2303 | D:2      | 2303 ||| IDENTIFYING red potion
  2304 | D:2      | 2304 ||| READING 2 scrolls of identify.
  2304 | D:2      | 2304 ||| IDENTIFYING fuming yellow potion
  2305 | D:2      | 2305 ||| DROPPING potion of flight.
  2306 | D:2      | 2306 ||| DROPPING scroll of poison.
  2307 | D:2      | 2307 ||| READING scroll of teleportation.
  2398 | D:3      | Noticed Terence
  2407 | D:3      | Reached XP level 4. HP: 17/26 MP: 8/8
  2413 | D:3      | Killed Terence
  2414 | D:3      | Reached skill level 5 in Axes
  3051 | D:3      | Found a faded altar of an unknown god.
  3051 | D:3      | Noticed an ogre
  3056 | D:3      | Killed an ogre
  3057 | D:3      | Reached skill level 6 in Axes
  3057 | D:3      | Gained mutation: Your magical nature lets you fly swiftly
                  | and evasively. [Tengu growth]
  3057 | D:3      | Reached XP level 5. HP: 10/30 MP: 9/9
  3255 | D:3      | Found an iron altar of Okawaru.
  3413 | D:3      | Found a shimmering altar of Xom.
  3414 | D:3      | Found a sparkling altar of Nemelex Xobeh.
  3447 | D:3      | HP: 7/30 [poisoned by an adder]
  3729 | D:3      | Found a bloodstained altar of Trog.
  4270 | D:3      | 4270 ||| UPGRADING to +0 scale mail.
  4280 | D:3      | 4280 ||| DROPPING +0 leather armour.
  4281 | D:3      | 4281 ||| DROPPING +6 ring of intelligence.
  4282 | D:3      | 4282 ||| DRINKING 2 metallic white potions.
  4283 | D:3      | 4283 ||| DRINKING 2 lumpy green potions.
  4384 | D:3      | 4384 ||| DROPPING potion of ambrosia.
  4431 | D:3      | 4431 ||| Stepping randomly (stuck).
  4516 | D:3      | 4516 ||| Stepping randomly (stuck).
  4556 | D:4      | Noticed Sigmund
  4557 | D:4      | Found an ancient bone altar of Kikubaaqudgha.
  4563 | D:4      | Reached XP level 6. HP: 30/35 MP: 10/10
  4578 | D:4      | HP: 8/35 [something (1)]
  4581 | D:4      | Slain by Sigmund

Levels and vault maps discovered:
D:1:      lightli_arrival_farm, layout_basic, ebering_ecumenical_altar_abandoned
D:2:      minmay_chambers_of_ones, layout_loops_ring, minmay_rat_gold_closets
D:3:      minmay_diamond_boxcup, layout_loops_corners,
          mainiacjoe_overflow_surrounded_room,
          nicolae_overflow_ecumenical_swirl, nicolae_overflow_two_pavilions,
          uniq_terence
D:4:      layout_gridville, tgw_kikubaaqudgha, nicolae_yredelemnul_ghost_church,
          ebering_ghost_gozag, corexii_leaking_fountain,
          chequers_serial_rivers_micro_a, uniq_sigmund

Skill      XL: |  1  2  3  4 |
---------------+-------------+-----
Axes           | 3 4 6 |  6.7
Fighting       | |  2.0
Throwing       | |  1.0
Armour         | |  1.1
Dodging        | |  2.1
Spellcasting   | |  2.0
Translocations | |  2.4

Action                   |  1- 3 |  4- 6 || total
-------------------------+-------+-------++-------
Melee: Hand axe          |   107 |    60 ||   167
       Kick              |    28 |    18 ||    46
       Peck              |    11 |    10 ||    21
       Punch             |     1 |     1 ||     2
Throw: Boomerang         |     7 |       ||     7
  Use: Scroll            |     8 |       ||     8
       Potion            |     3 |     2 ||     5
Armor: Leather armour    |    20 |     6 ||    26
       Scale mail        |       |     2 ||     2
Dodge: Dodged            |    52 |    38 ||    90

Table legend:
 A = Non-vault XP
 B = Vault XP
 C = Vault XP percentage of total XP
 D = Non-vault monster count
 E = Vault monster count
 F = Vault count percentage of total count
                 A         B        C        D         E       F
            +---------+---------+-------+---------+---------+-------
      Total |     249 |      78 |  23.9 |      48 |      22 |  31.4
            +---------+---------+-------+---------+---------+-------
        D:1 |      40 |       0 |   0.0 |      23 |       0 |   0.0
        D:2 |      19 |      15 |  44.1 |      10 |      13 |  56.5
        D:3 |     177 |      63 |  26.2 |      14 |       9 |  39.1
        D:4 |      13 |       0 |   0.0 |       1 |       0 |   0.0
            +---------+---------+-------+---------+---------+-------
